 Dungeon Crawl Stone Soup version 0.31-a0-636-ge1c0e020e0 (webtiles) character file.

Game seed: 7830115394537228821

79454 thirtiethelement the Severer (level 15, -5/119 HPs)
             Began as a Demonspawn Fighter on Aug 26, 2023.
             Slain by a death yak (6 damage)
             ... on level 3 of the Lair of Beasts on Aug 27, 2023.
             The game lasted 01:17:00 (20722 turns).

thirtiethelement the Severer (Demonspawn Fighter)  Turns: 20722, Time: 01:17:01

Health: -5/119     AC:  0    Str: 23    XL:     15   Next: 21%
Magic:  15/15      EV: 16    Int: 10    God:
Gold:   1290       SH:  4    Dex: 13    Spells: 14/14 levels left

rFire   . . .        a - melded +1 war axe (venom)
rCold   . . .        c - melded +0 buckler
rNeg    . . .        J - melded +6 plate armour "Vacozxuk" {Contam Int+4 Dex+4}
rPois   .            b - melded +1 hat of Cedecoj {rC+ Regen+ Slay+2}
rElec   .            Z - melded +0 cloak {Stlth+}
rCorr   .            (gloves unavailable)
SInv    .            l - melded +1 pair of boots
Will    +....        (no amulet)
Stlth   ++           i - melded ring "Noulem" {rF+ rC+ Will+ Stlth-}
HPRegen 0.00/turn    Y - melded ring of see invisible
MPRegen 0.14/turn

%: no passive effects
@: pig-form, inhibited regen, slowed
A: fast, no casting, small, (claws 3), (thin metallic scales 1), (spiny 2),
condensation shield, inhibited regeneration, wild magic 1
a: no special abilities


You were on level 3 of the Lair of Beasts.
You were a filthy swine.
You visited 4 branches of the dungeon, and saw 21 of its levels.
You also visited: Bailey.

You collected 3622 gold pieces.
You spent 2332 gold pieces at shops.

Inventory:

Hand Weapons
 a - a +1 war axe of venom (melded)
Missiles
 f - a throwing net
 j - 43 poisoned darts (quivered)
 G - 18 boomerangs
Armour
 b - the +1 hat of Cedecoj (melded) {rC+ Regen+ Slay+2}
   (You acquired it in a bailey)

   Slay+2:    It affects your accuracy & damage with ranged weapons and melee
   (+2).
   rC+:       It protects you from cold.
   Regen+:    It increases your rate of health regeneration.
 c - a +0 buckler (melded)
 l - a +1 pair of boots (melded)
 J - the +6 plate armour "Vacozxuk" (melded) {Contam Int+4 Dex+4}
   (You found it in a bailey)

   Int+4:     It affects your intelligence (+4).
   Dex+4:     It affects your dexterity (+4).
   Contam:    It causes magical contamination when unequipped.
 Z - a +0 cloak of stealth (melded)
Jewellery
 i - the ring "Noulem" (melded) {rF+ rC+ Will+ Stlth-}
   (You bought it in a shop on level 13 of the Dungeon)

   [ring of protection from fire]

   rF+:       It protects you from fire.
   rC+:       It protects you from cold.
   Will+:     It increases your willpower.
   Stlth-:    It makes you less stealthy.
 s - a +6 ring of intelligence
 D - a +6 ring of strength
 E - a +5 ring of evasion
 P - a +6 ring of dexterity
 S - a ring of resist corrosion
 Y - a ring of see invisible (melded)
Wands
 e - a wand of roots (6)
 n - a wand of acid (6)
 w - a wand of polymorph (25)
 I - a wand of flame (24)
 V - a wand of mindburst (7)
Scrolls
 g - 2 scrolls of silence
 h - 3 scrolls of immolation
 k - 4 scrolls of enchant armour
 m - 2 scrolls of fog
 p - 2 scrolls of poison
 q - a scroll of teleportation
 u - a scroll of torment
 y - 3 scrolls of fear
 z - 2 scrolls of identify
 B - a scroll of brand weapon
 C - 5 scrolls of amnesia
 L - a scroll of enchant weapon
 O - a scroll of revelation
 Q - a scroll of butterflies
 W - a scroll of blinking
Potions
 o - a potion of haste
 r - a potion of berserk rage
 t - a potion of invisibility
 v - 3 potions of resistance
 x - 3 potions of brilliance
 A - 2 potions of attraction
 F - a potion of ambrosia
 H - 7 potions of enlightenment
 M - a potion of magic
 N - a potion of heal wounds
 R - 2 potions of might
 T - a potion of lignification
 X - a potion of curing
Miscellaneous
 d - a phial of floods
 K - a lightning rod (4/4)
 U - a condenser vane


   Skills:
 + Level 11.5 Fighting
 + Level 16.3 Axes
 + Level 5.1 Throwing
 + Level 11.2 Armour
 + Level 4.8 Dodging
 + Level 2.8 Stealth
 + Level 10.5 Shields
 + Level 1.9 Evocations


You had 14 spell levels left.
You didn't know any spells.
Your spell library contained the following spells:

 Spells                   Type           Power      Damage    Failure   Level
 Magic Dart               Conj           0%         1d3       45%         1
 Sandblast                Erth           0%         2d4       45%         1
 Call Imp                 Summ           0%         N/A       58%         2
 Ensorcelled Hibernation  Hex/Ice        0%         N/A       58%         2
 Passwall                 Tmut/Erth      0%         N/A       58%         2
 Gell's Gravitas          Tloc           0%         N/A       82%         3
 Mephitic Cloud           Conj/Pois/Air  0%         N/A       82%         3
 Stone Arrow              Conj/Erth      0%         3d7       82%         3
 Swiftness                Air            0%         N/A       82%         3
 Teleport Other           Tloc           0%         N/A       82%         3
 Cause Fear               Hex            0%         N/A       99%         4
 Fireball                 Conj/Fire      0%         3d3       100%        5
 Dispersal                Tloc           0%         N/A       100%        6
 Dragon's Call            Summ           0%         N/A       100%        9


Dungeon Overview and Level Annotations

Branches:
Dungeon (15/15)            Temple (1/1) D:5            Lair (3/5) D:10
 Shoals (0/4) Lair:3       Spider (0/4) Lair:2          Orc (2/2) D:12
    Elf (0/3) Orc:2        Vaults (0/5) D:14         Depths (0/4) D:15
 Bailey (visited)

Altars:
Ashenzari
Cheibriados
Dithmenos
Fedhas
Gozag
Hepliaklqana
Kikubaaqudgha
Makhleb
Nemelex Xobeh
Okawaru
Qazlal
Ru
Sif Muna
Trog
Uskayaw
Vehumet
Wu Jian
Xom
Yredelemnul

Shops:
D:13 =   D:15 *   Orc:2 ([!=*

Portals:
Pandemonium: Orc:2
Trove: D:15 (give +3 gold dragon scales)

Annotations:
D:8 Erica
D:15 Roxanne
Lair:3 Kirke


Innate Abilities, Weirdness & Mutations

You are a filthy swine.
You move quickly.
Your equipment is almost entirely melded.
You are incapable of wielding weapons or throwing items.
You cannot cast spells.
((You have claws for hands.))
((You are partially covered in thin metallic scales. (AC +2)))
((You are mostly covered in sharp spines.))
A meltable shield of frost defends you. (SH +4)
You do not regenerate when monsters are visible.
Your spells are a little harder to cast, but a little more powerful.


Message History

The hog is struck by your spines.
You kill the hog!
You block the hog's attack. You block the death yak's attack.
You block Kirke's attack.
You hit Kirke but do no damage.
Kirke looks as sick as possible!
Kirke is heavily wounded.
You hit the hog.
The hog looks as sick as possible!
You slash the death yak!
The death yak looks as sick as possible!
The hog is struck by your spines. The hog bites you but does no damage.
The death yak is struck by your spines.
The death yak gores you but does no damage.
Kirke is struck by your spines. Kirke hits you. You block the hog's attack.
You slice Kirke!!
Kirke looks as sick as possible!
Kirke is almost dead.
You slash the death yak!
The death yak looks as sick as possible!
You barely miss the hog. The death yak gores you!
Kirke points at you and mumbles some strange words.
You turn into a filthy swine.
Your +1 war axe of venom melds into your body.
Your +0 cloak of stealth melds into your body.
The +1 hat of Cedecoj {rC+ Regen+ Slay+2} melds into your body.
Your +1 pair of boots melds into your body.
Your +0 buckler melds into your body.
The +6 plate armour "Vacozxuk" {Contam Int+4 Dex+4} melds into your body.
The ring "Noulem" {rF+ rC+ Will+ Stlth-} melds into your body.
Your ring of see invisible melds into your body.
Your +1 war axe of venom stops dripping with poison.
You feel less stealthy. The hog barely misses you.
You hit Kirke.
Kirke is almost dead.
The hog barely misses you. The death yak misses you. The death yak gores you!!
Kirke hits you!
Unknown command.
The hog bites you. The death yak gores you!
* * * LOW HITPOINT WARNING * * *
Kirke closely misses you. You block the hog's attack. The death yak gores you!!
* * * LOW HITPOINT WARNING * * *
The death yak gores you.
You die...

...~~~~~~...
..~~#.#~..... .......#
..~.>.~~....
##......###†~#.#~.....
#........#.†~~~~~~~~#
#.......###†..~~~~~#
#........#.......##
##.......##........#
#....(..P##.#Yh...P#
#...........Yh@..##
####............Y...#
......................#
.........######.###..##
..........# ### ....
######...## ...# #....#
.... #P.Y##


You could see Kirke (extremely poisoned), 3 death yaks and a hog (very
poisoned).

Vanquished Creatures
  Rupert (D:14)
  Frances (D:12)
  Nessos (D:14)
  A quicksilver dragon zombie (D:15)
  A hydra (Lair:2)
  2 ogre magi (D:15)
  A catoblepas (D:14)
  A sphinx zombie (D:15)
  3 centaur warriors
  2 demonspawn (Orc:2)
  3 boulder beetles
  A titan zombie (D:15)
  5 two-headed ogres
  A tengu warrior (D:14)
  4 orc high priests (Orc:2)
  2 death yaks (Lair:3)
  Nergalle (D:11)
  A flayed ghost (D:15)
  Lodul (D:12)
  12 skeletal warriors
  3 harpies (Lair:3)
  Pikel (D:8)
  A necromancer (D:15)
  6 orc knights
  A golden dragon skeleton (D:15)
  6 ugly things (D:14)
  A deep elf pyromancer (D:12)
  7 orc sorcerers (Orc:2)
  7 cyclopes
  4 wolf spiders (Lair:2)
  5 manticores
  A rust devil (Orc:2)
  5 cane toads
  A torpor snail (Lair:2)
  3 rime drakes
  Psyche (D:8)
  An unseen horror (D:10)
  6 komodo dragons
  6 kobold demonologists
  3 efreet
  2 tengu conjurers (D:15)
  2 red devils (Orc:2)
  6 trolls
  2 hornets
  2 polar bears (D:13)
  Grinder (D:5)
  3 blink frogs (Lair:2)
  A jumping spider (Lair:2)
  10 slime creatures
  A centaur simulacrum (D:14)
  2 culicivoras (Lair:2)
  3 wyverns
  2 vampires
  A shadow (D:11)
  A wraith (D:12)
  27 yaks
  Sigmund (D:5)
  A culicivora (shapeshifter) (D:14)
  6 hogs (Lair:3)
  Eustachio (D:5)
  16 humans (D:14)
  8 vampire mosquitoes
  A neqoxec (Orc:2)
  The ghost of Plaidstone the Insei, an amateur OpSh (D:3)
  An acid dragon (D:12)
  A warg (Orc:1)
  8 water moccasins
  A sky beast (D:7)
  2 black bears
  4 ice beasts
  36 orc warriors
  3 centaurs
  22 ogres
  9 wolves
  4 phantoms
  The ghost of bjtr the Changeling, an amateur OpSh (D:3)
  2 lemures (D:8)
  11 kobold brigands
  9 bullfrogs
  A gnoll sergeant (D:13)
  2 scorpions
  11 wights
  3 electric eels
  3 howler monkeys
  2 centaur zombies (D:4)
  4 jellies
  4 hounds
  2 gnoll boudas
  21 orc priests
  A scorpion zombie (D:4)
  3 sleepcaps
  Crazy Yiuf (D:7)
  4 iguanas
  Natasha (twice) (D:3)
  28 orc wizards
  A hound zombie (D:4)
  17 gnolls
  10 adders
  A white imp (D:8)
  An ufetubus (D:5)
  An adder zombie (D:4)
  3 worms
  2 dart slugs
  80 orcs
  7 endoplasms
  3 giant cockroaches
  16 goblins
  11 hobgoblins
  14 jackals
  11 quokkas
  2 training dummies (D:5)
  6 ball pythons
  3 bats
  2 frilled lizards (D:2)
  30 kobolds
  5 rats
647 creatures vanquished.

Notes
Turn   | Place    | Note
-------+----------+-------------------------------------------
     0 | D:1      | thirtiethelement the Demonspawn Fighter began the quest for
                  | the Orb.
     0 | D:1      | Reached XP level 1. HP: 18/18 MP: 1/1
   170 | D:1      | Gained mutation: You have sharp fingernails. [demonic
                  | ancestry]
   170 | D:1      | Reached XP level 2. HP: 23/24 MP: 2/2
   375 | D:1      | Reached skill level 2 in Axes
   606 | D:1      | Found a faded altar of an unknown god.
   966 | D:2      | Gained mutation: You are partially covered in sharp spines.
                  | [demonic ancestry]
   966 | D:2      | Reached XP level 3. HP: 23/29 MP: 3/3
  1224 | D:2      | Gained mutation: You are mostly covered in sharp spines.
                  | [demonic ancestry]
  1224 | D:2      | Reached XP level 4. HP: 19/35 MP: 4/4
  1748 | D:3      | Reached skill level 3 in Axes
  1758 | D:3      | Found a runed translucent gate.
  1758 | D:3      | Found a runed translucent gate.
  1758 | D:3      | Found a runed translucent gate.
  1770 | D:3      | Noticed Natasha
  1777 | D:3      | Killed Natasha
  1839 | D:3      | Noticed Natasha
  1846 | D:3      | Killed Natasha
  1847 | D:3      | Gained mutation: You are partially covered in thin metallic
                  | scales. (AC +2) [demonic ancestry]
  1847 | D:3      | Reached XP level 5. HP: 41/41 MP: 5/5
  1989 | D:3      | Reached skill level 4 in Axes
  2224 | D:3      | Found an iron altar of Okawaru.
  2554 | D:3      | Noticed bjtr's ghost (amateur OpSh)
  2554 | D:3      | Noticed Plaidstone's ghost (amateur OpSh)
  2561 | D:3      | Killed bjtr's ghost
  2562 | D:3      | Reached skill level 1 in Dodging
  2562 | D:3      | Reached XP level 6. HP: 32/48 MP: 6/6
  2562 | D:3      | Killed Plaidstone's ghost
  2722 | D:4      | Reached skill level 5 in Axes
  2722 | D:4      | Gained mutation: A meltable shield of frost defends you.
                  | (SH +4) [demonic ancestry]
  2722 | D:4      | Reached XP level 7. HP: 50/54 MP: 7/7
  3260 | D:5      | Entered Level 5 of the Dungeon
  3297 | D:5      | Found a hazy altar of Hepliaklqana.
  3297 | D:5      | Noticed Grinder
  3305 | D:5      | Killed Grinder
  3306 | D:5      | Reached skill level 6 in Axes
  3376 | D:5      | Reached XP level 8. HP: 61/61 MP: 8/8
  3452 | D:5      | Noticed Eustachio
  3475 | D:5      | Killed Eustachio
  3665 | D:5      | Found a snail-covered altar of Cheibriados.
  3677 | D:5      | Found a staircase to the Ecumenical Temple.
  3678 | D:5      | Noticed Sigmund
  3689 | D:5      | Killed Sigmund
  3700 | Temple   | Entered the Ecumenical Temple
  3782 | D:5      | Reached skill level 7 in Axes
  3794 | D:5      | Found a broken altar of Ashenzari.
  3798 | D:5      | Saw a vision of the Shoals and the Spider Nest.
  3798 | D:5      | Noticed a culicivora
  3798 | D:5      | Noticed an orb spider
  3798 | D:5      | Noticed a jumping spider
  3798 | D:5      | Noticed a snapping turtle
  3798 | D:5      | Noticed a merfolk impaler
  3798 | D:5      | Noticed a snapping turtle
  3798 | D:5      | Noticed a tarantella
  3798 | D:5      | Noticed a steelbarb worm
  3798 | D:5      | Noticed a boulder beetle
  3798 | D:5      | Noticed a merfolk
  3798 | D:5      | Noticed a manticore
  3798 | D:5      | Noticed a harpy
  3798 | D:5      | Noticed a snapping turtle
  3798 | D:5      | Noticed a sea snake
  3798 | D:5      | Noticed a water nymph
  3798 | D:5      | Noticed a wind drake
  3798 | D:5      | Noticed a skyshark
  3798 | D:5      | Noticed a boulder beetle
  3799 | D:5      | Noticed a merfolk javelineer
  3799 | D:5      | Noticed a merfolk siren
  3800 | D:5      | Noticed a pharaoh ant
  3800 | D:5      | Noticed a culicivora
  3800 | D:5      | Noticed a wolf spider
  4231 | D:6      | Reached skill level 5 in Fighting
  4237 | D:6      | Reached skill level 5 in Armour
  4268 | D:6      | Noticed Jeremiah
  4454 | D:6      | Gained mutation: You have very sharp fingernails. [demonic
                  | ancestry]
  4454 | D:6      | Reached XP level 9. HP: 54/63 MP: 9/9
  4492 | D:6      | Jeremiah changed into Jeremiah the rime drake
  4492 | D:6      | Noticed Jeremiah
  4501 | D:6      | Killed Jeremiah the rime drake
  4584 | D:6      | Reached skill level 8 in Axes
  4588 | D:6      | Reached skill level 5 in Shields
  4735 | D:6      | Reached skill level 1 in Evocations
  5236 | D:6      | Found an ornate altar of the Wu Jian Council.
  5292 | D:6      | Reached skill level 1 in Stealth
  6351 | D:7      | Reached skill level 9 in Axes
  6605 | D:7      | Reached XP level 10. HP: 76/76 MP: 10/10
  6802 | D:7      | Found a runed translucent door.
  6803 | D:7      | Noticed Crazy Yiuf
  6832 | D:7      | Found an opulent altar of Gozag.
  6862 | D:7      | Killed Crazy Yiuf
  7016 | D:7      | Found a sparkling altar of Nemelex Xobeh.
  7250 | D:8      | Noticed Pikel
  7261 | D:8      | Killed Pikel
  7297 | D:8      | Noticed Psyche
  7318 | D:8      | Killed Psyche
  7613 | D:8      | Paralysed by a hornet for 2 turns
  7851 | D:8      | Noticed Erica
  8148 | D:9      | Found a burning altar of Makhleb.
  8192 | D:9      | Reached skill level 10 in Axes
  8820 | D:10     | Entered Level 10 of the Dungeon
  8970 | D:10     | Found a flagged portal.
  8978 | Bailey   | Entered a bailey
  9094 | Bailey   | Noticed an orc knight
  9136 | Bailey   | Killed an orc knight
  9493 | Bailey   | Identified the +6 plate armour "Vacozxuk" {Contam Int+4
                  | Dex+4}
  9615 | Bailey   | Identified a scroll of acquirement
  9615 | Bailey   | Acquired the +1 hat of Cedecoj {rC+ Regen+ Slay+2}
  9910 | D:10     | Reached XP level 11. HP: 74/83 MP: 11/11
 10162 | D:10     | Found a staircase to the Lair.
 10314 | D:11     | Reached skill level 11 in Axes
 10346 | D:11     | Noticed Nergalle
 10367 | D:11     | Killed Nergalle
 10542 | D:11     | Noticed a skeletal warrior
 10542 | D:11     | Noticed a skeletal warrior
 10576 | D:11     | Killed a skeletal warrior
 10635 | D:11     | Killed a skeletal warrior
 10636 | D:11     | Reached skill level 1 in Throwing
 10716 | D:11     | Noticed a two-headed ogre
 10724 | D:11     | Killed a two-headed ogre
 10770 | D:11     | Reached skill level 12 in Axes
 11047 | D:11     | Identified the +4 flail of Earthquakes {elec, Int+5}
 11057 | D:11     | Noticed a skeletal warrior
 11057 | D:11     | Noticed a skeletal warrior
 11058 | D:11     | Noticed a skeletal warrior
 11100 | D:11     | Killed a skeletal warrior
 11213 | D:11     | Killed a skeletal warrior
 11262 | D:11     | Killed a skeletal warrior
 11411 | D:12     | Found Zido's Distillery.
 11416 | D:12     | Bought a potion of degeneration for 11 gold pieces
 11416 | D:12     | Bought a potion of magic for 88 gold pieces
 11416 | D:12     | Bought a potion of brilliance for 44 gold pieces
 11416 | D:12     | Bought a potion of resistance for 110 gold pieces
 11416 | D:12     | Bought a potion of enlightenment for 55 gold pieces
 11416 | D:12     | Bought a potion of heal wounds for 55 gold pieces
 11436 | D:12     | Gained mutation: You have hidden genetic defects. [potion
                  | of mutation]
 11436 | D:12     | Gained mutation: You have an increased reservoir of magic.
                  | (+10% MP) [potion of mutation]
 11455 | D:12     | Gained mutation: You have claws for hands. [demonic
                  | ancestry]
 11455 | D:12     | Reached XP level 12. HP: 88/92 MP: 13/13
 11465 | D:12     | You fall into a shaft and drop 1 floor!
 11465 | D:13     | Found Ahoptoog's Jewellery Boutique.
 11469 | D:13     | Bought the ring "Noulem" {rF+ rC+ Will+ Stlth-} for 561
                  | gold pieces
 11727 | D:12     | Gained mutation: You occasionally shout uncontrollably at
                  | your foes. [hidden defects]
 11887 | D:12     | Noticed a two-headed ogre
 11898 | D:12     | Killed a two-headed ogre
 12076 | D:12     | Found a staircase to the Orcish Mines.
 12188 | D:12     | Noticed Frances
 12320 | D:12     | Killed Frances
 12367 | D:12     | Gained mutation: You are weak. (Str -2) [hidden defects]
 12367 | D:12     | Lost mutation: You have hidden genetic defects. [hidden
                  | defects expressed]
 12490 | D:12     | Reached skill level 13 in Axes
 12791 | D:12     | Noticed Lodul
 12808 | D:12     | Killed Lodul
 13038 | D:13     | Noticed a centaur warrior
 13048 | D:13     | Killed a centaur warrior
 13052 | D:13     | Noticed a boulder beetle
 13078 | D:13     | Killed a boulder beetle
 13394 | D:13     | Found a bloodstained altar of Trog.
 13518 | D:13     | Noticed a centaur warrior
 13527 | D:13     | Killed a centaur warrior
 13595 | D:13     | Reached XP level 13. HP: 89/101 MP: 14/14
 13760 | D:14     | Noticed Rupert
 13763 | D:14     | Noticed Nessos
 13793 | D:14     | Found a gate to the Vaults.
 14012 | D:14     | Reached skill level 14 in Axes
 14368 | D:14     | Killed Nessos
 14714 | D:14     | Paralysed by Rupert for 4 turns
 14723 | D:14     | Killed Rupert
 14869 | D:15     | Entered Level 15 of the Dungeon
 15097 | D:14     | Reached skill level 10 in Fighting
 15159 | D:15     | Found a staircase to the Depths.
 15322 | D:14     | Reached XP level 14. HP: 80/110 MP: 15/15
 15390 | D:15     | Reached skill level 15 in Axes
 15391 | D:15     | Reached skill level 10 in Armour
 15545 | D:15     | Noticed Roxanne
 15555 | D:15     | Found Zonizagh's Demolitions Depot.
 15596 | D:15     | Bought a condenser vane for 520 gold pieces
 15686 | D:15     | Found a blossoming altar of Fedhas.
 15778 | D:15     | Found a portal to a secret trove of treasure.
 16167 | Orc:1    | Entered Level 1 of the Orcish Mines
 16544 | Orc:2    | Entered Level 2 of the Orcish Mines
 17158 | Orc:2    | Found Jucruade's Distillery.
 17159 | Orc:2    | Found Bonaqugo's General Store.
 17285 | Orc:2    | Bought a scroll of blinking for 127 gold pieces
 17285 | Orc:2    | Bought a scroll of blinking for 127 gold pieces
 17285 | Orc:2    | Bought a scroll of identify for 34 gold pieces
 17288 | Orc:2    | Bought a potion of curing for 45 gold pieces
 17288 | Orc:2    | Bought a potion of mutation for 120 gold pieces
 17288 | Orc:2    | Lost mutation: You have an increased reservoir of magic.
                  | (+10% MP) [potion of mutation]
 17288 | Orc:2    | Lost mutation: You occasionally shout uncontrollably at
                  | your foes. [potion of mutation]
 17288 | Orc:2    | Lost mutation: You are weak. (Str -2) [potion of mutation]
 17288 | Orc:2    | Gained mutation: Your spells are a little harder to cast,
                  | but a little more powerful. [potion of mutation]
 17288 | Orc:2    | Gained mutation: You do not regenerate when monsters are
                  | visible. [potion of mutation]
 17409 | Orc:2    | Found Plog's Weapon Shop.
 17564 | Orc:2    | Found a staircase to the Elven Halls.
 17704 | Orc:2    | Paralysed by an orc sorcerer for 2 turns
 18059 | Orc:2    | Reached skill level 10 in Shields
 18071 | Orc:2    | Reached skill level 5 in Throwing
 18126 | Orc:2    | Found Palick's Jewellery Boutique.
 18126 | Orc:2    | Found Teinkum's Antique Armour Shop.
 18126 | Orc:2    | Found a one-way gate leading to the halls of Pandemonium.
 18138 | Orc:2    | Bought a ring of see invisible for 165 gold pieces
 18140 | Orc:2    | Bought an embroidered cloak for 135 gold pieces
 18140 | Orc:2    | Bought a runed helmet for 135 gold pieces
 18305 | Lair:1   | Entered Level 1 of the Lair of Beasts
 18778 | Lair:1   | Reached skill level 16 in Axes
 19507 | Lair:2   | Found an ancient bone altar of Kikubaaqudgha.
 19633 | Lair:2   | Reached XP level 15. HP: 109/119 MP: 15/15
 19682 | Lair:2   | Found a hole to the Spider Nest.
 20521 | Lair:3   | Found a staircase to the Shoals.
 20636 | Lair:3   | Noticed Kirke
 20722 | Lair:3   | HP: 1/119 [death yak (30)]
 20722 | Lair:3   | Slain by a death yak

Illustrated notes

Levels and vault maps discovered:
D:1:      elethiomel_arrival_infinity_welcomes_careful_drivers, layout_basic,
          dreamdust_ecumenical_altar_sealed_demon
D:2:      layout_rooms, grunt_ministairs_8
D:3:      layout_basic, okawaru_trees_1, gammafunk_ghost_cemetery,
          minmay_misc_feat_five, uniq_natasha
D:4:      layout_rooms, serial_undead, serial_undead_f, serial_undead_a,
          serial_undead_e, serial_undead_c
D:5:      dreamdust_elfheim, layout_loops_ring, grunt_ashenzari_visionary
          [grunt_ashenzari_visionary_shoals, grunt_ashenzari_visionary_spider],
          kennysheep_little_box, lemuel_crystal_altar, minmay_temple_entry_mist,
          uniq_sigmund, uniq_grinder, uniq_eustachio
D:6:      cheibrodos_quashed, layout_basic, pdpol_wu_jian_five_deadly_venoms,
          lightli_minifort, uniq_jeremiah
D:7:      layout_loops_corners, kennysheep_mini, lemuel_round_altar,
          grunt_ministairs_14, uniq_crazy_yiuf_cottage
D:8:      layout_basic, uniq_pikel, uniq_psyche, uniq_erica
D:9:      layout_small_grid, mainiacjoe_overflow_brackets, nicolae_letterblocks
          [nicolae_letter_subblock, nicolae_letter_subblock,
          nicolae_letter_subblock, nicolae_letter_subblock,
          nicolae_letter_subblock, nicolae_letter_subblock,
          nicolae_letter_subblock, nicolae_letter_subblock,
          nicolae_letter_subblock, nicolae_letter_subblock,
          nicolae_letter_subblock, nicolae_letter_subblock,
          nicolae_letter_subblock, nicolae_letter_subblock,
          nicolae_letter_subblock, nicolae_letter_subblock,
          nicolae_letter_subblock, nicolae_letter_subblock,
          nicolae_letter_subblock, nicolae_letter_subblock,
          nicolae_letter_subblock, nicolae_letter_subblock,
          nicolae_letter_subblock, nicolae_letter_subblock,
          nicolae_letter_subblock]
D:10:     layout_cave_pools, lair_entry_dummy, lightli_bailey_entry_fortress
D:11:     layout_roguey [special_room_kobold], uniq_nergalle
D:12:     layout_stronghold, orc_0_dummy, serial_column_ruins,
          column_ruins_hut_water, column_ruins_open_small,
          column_ruins_open_medium, column_ruins_corridor_corner,
          column_ruins_grid_3, column_ruins_open_small,
          column_ruins_open_medium, serial_shops, shop, roderic_malta_cross,
          serial_bayou_lake_a, uniq_lodul, uniq_frances
D:13:     layout_loops_ring, serial_shops, nicolae_shop_gaudy_bauble,
          minmay_misc_feat_iff, trog_ov_bears_minmay
D:14:     layout_long_grid, david_vaults_3, kennysheep_another_room,
          blue_anna_alchemist
D:15:     gammafunk_depths_entry_grave, layout_small_grid, fedhas_altar_2,
          enter_trove_0, nicolae_blasting_shop, uniq_roxanne
Temple:   eino_narrow_crystal_temple
Lair:1:   layout_concentric_octagons, minmay_hedge_maze
Lair:2:   layout_hall_layers, spider_nest_entry_funnel_web, serial_forest,
          infiniplex_forest_clump_tiny, infiniplex_forest_clump_medium,
          infiniplex_forest_end_1, infiniplex_forest_pool,
          infiniplex_forest_end_2, infiniplex_forest_zigzag_1,
          infiniplex_forest_clump_long, infiniplex_forest_clump_long,
          infiniplex_forest_join, basic_altar, nicolae_lair_run_with_the_wolves
Lair:3:   layout_chaotic_city, nicolae_shoals_entry_roost,
          gammafunk_ghost_hydra_chop, uniq_fannar, uniq_kirke
Orc:1:    layout_diamond_mine, basic_altar
Orc:2:    pf_orc_diabolical, layout_diamond_mine, serial_shops, shop

Skill      XL: |  1  2  3  4  5  6  7  8  9 10 11 12 13 14 15 |
---------------+----------------------------------------------+-----
Shields        | 3 4 5 6 7 8 9 10 | 10.5
Axes           | 2 3 4 5 6 7 9 10 12 13 14 16 | 16.3
Armour         | 3 4 5 6 7 9 10 11 | 11.2
Dodging        | 1 2 3 4 |  4.8
Fighting       | 4 5 6 7 9 10 11 | 11.5
Evocations     | 1 |  1.9
Stealth        | 1 2 |  2.8
Throwing       | 1 3 4 5 |  5.1

Action                     |  1- 3 |  4- 6 |  7- 9 | 10-12 | 13-15 || total
---------------------------+-------+-------+-------+-------+-------++-------
  Melee: War axe           |   101 |    68 |   319 |   694 |  1002 ||  2184
         Unarmed           |       |       |       |       |     1 ||     1
  Throw: Dart              |       |       |       |    45 |    76 ||   121
         Boomerang         |       |       |       |    12 |    46 ||    58
  Evoke: Wand              |       |       |     2 |     5 |     6 ||    13
    Use: Potion            |       |     1 |     1 |     9 |     1 ||    12
         Scroll            |       |       |    10 |    10 |    11 ||    31
   Stab: Petrified         |       |       |       |       |     7 ||     7
 Armour: Scale mail        |    58 |    34 |   100 |    70 |       ||   262
         Plate armour      |       |       |       |   225 |   499 ||   724
         Skin              |       |       |       |    10 |       ||    10
  Dodge: Dodged            |    36 |    27 |   112 |   214 |   284 ||   673
  Block: Buckler           |    21 |    20 |   142 |   327 |   470 ||   980
         Other             |       |       |       |       |     1 ||     1

Table legend: (Time is in decaauts)
 A = Elapsed time spent in this place.
 B = Non-inter-level travel time spent in this place.
 C = Inter-level travel time spent in this place.
 D = Time resting spent in this place.
 E = Time spent auto-exploring this place.
 F = Levels seen in this place.
 G = Mean time per level.
                   A        B        C        D        E       F      G
               +--------+--------+--------+--------+--------+-----+--------+
         Total |  20592 |  19974 |    618 |   2661 |  11283 |  22 |  936.0 |
       Dungeon |  15644 |  15230 |    414 |   1933 |   9517 |  15 | 1042.9 |
        Temple |      1 |      1 |      0 |      0 |      0 |   1 |    1.0 |
          Lair |   2341 |   2271 |     70 |    290 |    929 |   3 |  780.3 |
  Orcish Mines |   1904 |   1771 |    133 |    228 |    755 |   2 |  952.0 |
        Bailey |    700 |    700 |      0 |    209 |     81 |   1 |  700.0 |
               +--------+--------+--------+--------+--------+-----+--------+

Top non-repeatable levels by time:
     D:6: 1527 daAuts
     D:7: 1473 daAuts
    D:12: 1407 daAuts
   Orc:2: 1288 daAuts
    D:14: 1280 daAuts
    D:11: 1212 daAuts
  Lair:2: 1171 daAuts
     D:5: 1152 daAuts
     D:3: 1141 daAuts
  Lair:1: 1034 daAuts
    D:15: 993 daAuts
     D:1: 956 daAuts
    D:13: 929 daAuts
     D:9: 915 daAuts
     D:8: 717 daAuts
